 Dungeon Crawl Stone Soup version 0.18-a0-97-g9c2abca (webtiles) character file.

1878 Duffy the Skirmisher (level 9, -2/78 HPs)
             Began as a Hill Orc Summoner on Nov 14, 2015.
             Slain by a killer bee (5 damage)
             ... on level 8 of the Dungeon.
             The game lasted 00:11:22 (8328 turns).

Duffy the Skirmisher (Hill Orc Summoner)            Turns: 8328, Time: 00:11:22

Health: -2/78      AC:  9    Str: 11    XL:     9   Next: 14%
Magic:  6/15       EV: 13    Int: 15    God:
Gold:   371        SH:  0    Dex: 14    Spells: 3 memorised, 10 levels left

rFire  . . .     SeeInvis .     N - +0 glaive (chop)
rCold  . . .     Clarity  .     s - +0 leather armour
rNeg   . . .     SustAt   .     (shield currently unavailable)
rPois  .         Gourm    .     M - +0 helmet
rElec  .         Spirit   .     (no cloak)
rCorr  .         Warding  .     t - +0 pair of gloves
rMut   .         Stasis   .     (no boots)
MR     +....                    f - amulet of regeneration
Stlth  ++........               A - +3 ring of protection
                                G - ring of protection from magic

@: lethally poisoned (-2 -> -11), somewhat resistant to hostile enchantments,
unstealthy
A: no striking features
a: no special abilities


You were on level 8 of the Dungeon.
You were hungry.

You visited 2 branches of the dungeon, and saw 9 of its levels.

You collected 371 gold pieces.


   Skills:
 - Level 6.8 Fighting
 * Level 4.0 Polearms
 + Level 4.5 Armour
 + Level 3.6 Dodging
 - Level 1.5 Stealth
 - Level 4.0 Spellcasting
 - Level 6.2 Summonings


You had 10 spell levels left.
You knew the following spells:

 Your Spells              Type           Power        Failure   Level  Hunger
a - Summon Small Mammal   Summ           ###.         1%          1    None
i - Call Imp              Summ           ###.....     2%          2    ##.....
n - Call Canine Familiar  Summ           ###.....     8%          3    ###....

Inventory:

Hand Weapons
 N - a +0 glaive of chopping (weapon)
Missiles
 d - 263 stones (quivered)
 g - 23 poisoned needles
 v - 6 curare-tipped needles
 y - 2 exploding tomahawks
Armour
 a - a +0 robe
 s - a +0 leather armour (worn)
 t - a +0 pair of gloves (worn)
 M - a +0 helmet (worn)
 Q - a +0 ring mail
Magical Staves
 E - an uncursed staff of energy
 H - an uncursed staff of air {unknown}
Jewellery
 f - an amulet of regeneration (around neck)
 i - an uncursed ring of positive energy
 q - a +3 ring of dexterity
 u - an uncursed amulet of warding
 A - a +3 ring of protection (right hand)
 G - a ring of protection from magic (left hand)
 I - a +5 ring of strength
Wands
 J - a wand of lightning (11)
Scrolls
 n - 6 scrolls of teleportation
 o - a scroll of immolation
 r - a scroll of magic mapping
 w - 2 scrolls of fog
 z - 2 scrolls of remove curse
 C - 2 scrolls of amnesia
 F - a scroll of noise {unknown}
 L - a scroll of enchant weapon {unknown}
 O - a scroll of silence {unknown}
Potions
 e - 2 potions of heal wounds
 k - 3 potions of degeneration
 l - a potion of curing
 m - a potion of might
 p - 3 potions of ambrosia
 x - 3 potions of haste
 B - a potion of mutation
 P - a potion of poison {unknown}
Books
 b - a book of Callings
 K - a Grand Grimoire
Comestibles
 c - 7 bread rations
 h - 2 slices of pizza
 j - a beef jerky
 D - 2 meat rations

Dungeon Overview and Level Annotations

Branches:
Dungeon (8/15)             Temple (1/1) D:7
   Lair: D:8-11

Altars:
Ashenzari
Dithmenos
Elyvilon
Fedhas
Gozag
Kikubaaqudgha
Makhleb
Nemelex Xobeh
Okawaru
Qazlal
Ru
Sif Muna
Trog
Vehumet
Xom
Zin
The Shining One

Shops:
D:4 }


Message History

Aim: a killer bee You barely miss the killer bee.
You feel very sick. The killer bee stings you.
The killer bee barely misses you. The killer bee closely misses you.
Attack whom?
Press: ? - help, Dir - move target cursor, f/p - killer bee
Aim: a killer bee You miss the killer bee.
You feel very sick.
Your crimson imp disappears in a puff of smoke!
The killer bee barely misses you. The killer bee stings you.
You are more poisoned.
The killer bee poisons you! The killer bee stings you!
Attack whom?
Press: ? - help, Dir - move target cursor, f/p - killer bee
Aim: a killer bee You barely miss the killer bee.
You feel very sick. The killer bee stings you. The killer bee misses you.
The killer bee stings you.
Attack whom?
Press: ? - help, Dir - move target cursor, f/p - killer bee
Aim: a killer bee You closely miss the killer bee.
You feel very sick. The killer bee stings you. The killer bee misses you.
The killer bee misses you.
Attack whom?
Press: ? - help, Dir - move target cursor, f/p - killer bee
Aim: a killer bee You closely miss the killer bee.
You feel very sick. The killer bee barely misses you.
The killer bee stings you.
You die...

#....#
#....##
##.....#
#.###.##
#.###.#
#yW...#
#y#####
#y#..#
#@#..#
#.#<.#
#.##.#
#....#
######


You could see a hungry ghost and 3 killer bees.

Action                   |  1- 3 |  4- 6 |  7- 9 || total
-------------------------+-------+-------+-------++-------
Melee: Short sword       |    96 |    80 |    85 ||   261
       Whip              |       |       |    35 ||    35
       Glaive            |       |       |    69 ||    69
Throw: Stone             |       |       |     1 ||     1
 Cast: Summon Small Mamm |    17 |       |       ||    17
       Call Imp          |     5 |    15 |    30 ||    50
       Call Canine Famil |     1 |    13 |    33 ||    47
  Use: Scroll            |       |       |    13 ||    13
       Potion            |       |       |     1 ||     1
 Stab: Sleeping          |     3 |     1 |     1 ||     5
       Distracted        |       |       |     3 ||     3
  Eat: Chunk             |     6 |     7 |    17 ||    30

Notes
Turn   | Place    | Note
--------------------------------------------------------------
     0 | D:1      | Duffy the Hill Orc Summoner began the quest for the Orb.
     0 | D:1      | Reached XP level 1. HP: 14/14 MP: 3/3
   378 | D:1      | Reached XP level 2. HP: 20/20 MP: 2/4
   382 | D:1      | Learned a level 2 spell: Call Imp
   797 | D:1      | Reached skill level 2 in Spellcasting
  1031 | D:2      | Reached XP level 3. HP: 20/26 MP: 6/6
  1203 | D:2      | Found a stormy altar of Qazlal.
  1251 | D:2      | Learned a level 3 spell: Call Canine Familiar
  2531 | D:4      | Noticed a phantom
  2538 | D:4      | Reached skill level 5 in Summonings
  2538 | D:4      | Reached XP level 4. HP: 26/33 MP: 1/7
  2944 | D:4      | Killed a phantom
  2944 | D:4      | Reached XP level 5. HP: 19/38 MP: 3/9
  3120 | D:4      | Reached skill level 3 in Spellcasting
  3282 | D:4      | Noticed an ogre
  3288 | D:4      | Killed an ogre
  3288 | D:4      | Reached XP level 6. HP: 45/45 MP: 2/11
  3342 | D:4      | Reached skill level 6 in Summonings
  3957 | D:4      | Found a shadowy altar of Dithmenos.
  4042 | D:4      | Found Iklotethru's Gadget Shoppe.
  4328 | D:4      | Reached skill level 1 in Fighting
  4333 | D:4      | Reached XP level 7. HP: 23/52 MP: 5/12
  4578 | D:5      | Entered Level 5 of the Dungeon
  4640 | D:5      | Reached skill level 2 in Fighting
  4640 | D:5      | Reached skill level 4 in Spellcasting
  4725 | D:5      | Reached skill level 3 in Fighting
  4891 | D:5      | Reached skill level 4 in Fighting
  5273 | D:5      | Reached skill level 5 in Fighting
  5751 | D:5      | Reached skill level 6 in Fighting
  5751 | D:5      | Reached XP level 8. HP: 60/70 MP: 7/14
  6114 | D:6      | Found a sacrificial altar of Ru.
  6364 | D:6      | Noticed Eustachio
  6413 | D:6      | Killed Eustachio
  6413 | D:6      | Reached skill level 1 in Armour
  6413 | D:6      | Reached skill level 2 in Dodging
  6484 | D:6      | Reached skill level 2 in Armour
  6750 | D:6      | Noticed Prince Ribbit
  6778 | D:6      | Killed Prince Ribbit
  6778 | D:6      | Reached skill level 3 in Armour
  6927 | D:6      | Reached skill level 3 in Dodging
  7255 | D:7      | Reached skill level 1 in Polearms
  7346 | D:7      | Reached skill level 2 in Polearms
  7619 | D:7      | Reached skill level 4 in Armour
  7621 | D:7      | Found a staircase to the Ecumenical Temple.
  7633 | Temple   | Entered the Ecumenical Temple
  7802 | D:7      | Reached skill level 3 in Polearms
  7802 | D:7      | Reached XP level 9. HP: 73/78 MP: 11/15
  8081 | D:7      | Reached skill level 4 in Polearms
  8328 | D:8      | Slain by a killer bee

Vault maps used:
D:1:      eino_arrival_cavern_d
D:2:      grunt_qazlal_sundering
D:4:      serial_shops, shop, grunt_dithmenos_smoke_and_mirrors
D:5:      first_bread
D:6:      nicolae_ru_sacrificial_ziggurat, uniq_eustachio, uniq_prince_ribbit1
D:7:      minmay_temple_entry_statues_fountains, dk_noncrumbling_3
D:8:      amethyst_overflow_temple_binary, lair_0_dummy, special_room,
          uniq_erica, uniq_joseph
Temple:   nicolae_temple_elliptical

Vanquished Creatures
  Prince Ribbit Eustachio
  2 ice beasts
  2 phantoms
  3 ogres
  A centaur
  3 giant frogs
  A wyvern zombie
  A killer bee
  5 scorpions
  3 wights
  3 orc priests
  A gnoll shaman
  A centaur zombie
  A crimson imp
  2 jellies
  2 iguanas
  A hound
  A centaur skeleton
  2 orc wizards
  4 worker ants
  A hound skeleton
  A worker ant zombie
  2 adders
  4 gnolls
  A shadow imp
  2 oozes
  2 worms
  3 giant geckos
  11 orcs
  3 ball pythons
  6 giant cockroaches
  4 hobgoblins
  10 jackals
  8 kobolds
  A quokka
  7 bats
  A giant gecko skeleton
  2 giant newts
  8 goblins
  A quokka skeleton
  5 rats
124 creatures vanquished.
